 Dungeon Crawl Stone Soup version 0.17-b1-25-g6d8775f (console) character file.

140 Snowclone the Chucker (level 5, -2/48 HPs)
             Began as a Troll Hunter on Nov 5, 2015.
             Killed by nerve-wracking pain
             ... invoked by an orc priest
              (8 damage)
             ... on level 3 of the Dungeon.
             The game lasted 00:09:52 (1705 turns).

Snowclone the Chucker (Troll Hunter)                Turns: 1705, Time: 00:09:53

Health: -2/48      AC:  6    Str: 20    XL:     5   Next: 2%
Magic:  4/4        EV: 10    Int:  7    God:
Gold:   89         SH:  0    Dex: 11    Spells: 0 memorised, 4 levels left

rFire  . . .     SeeInvis .       - Unarmed
rCold  . . .     Clarity  .     d - +1 robe
rNeg   . . .     SustAt   .     (no shield)
rPois  .         Gourm    +     (helmet restricted)
rElec  .         Spirit   .     (no cloak)
rCorr  .         Warding  .     (gloves unavailable)
rMut   .         Stasis   .     (boots unavailable)
MR     .....                    (no amulet)
Stlth  +.........               (no ring)
                                (no ring)

@: not resistant to hostile enchantments, very unstealthy
A: unfitting armour, claws 3, fast metabolism 3, gourmand, regeneration 2,
shaggy fur 1, tough skin 2
a: no special abilities


You were on level 3 of the Dungeon.
You were completely stuffed.

You visited 1 branch of the dungeon, and saw 3 of its levels.

You collected 89 gold pieces.

Inventory:

Hand Weapons
 c - a +0 short sword
Missiles
 a - 5 large rocks
 b - 2 throwing nets
 l - 8 poisoned needles
 n - 124 stones (quivered)
Armour
 d - a +1 robe (worn)
Jewellery
 j - an uncursed amulet of regeneration {unknown}
Scrolls
 k - 2 scrolls of identify
 s - a scroll of remove curse
Potions
 f - a potion of heal wounds {unknown}
 g - a potion of resistance {unknown}
 h - 2 potions of curing
 i - a potion of haste {unknown}
 m - a potion of mutation {unknown}
 o - a potion of degeneration {unknown}
 t - a potion of flight {unknown}
Comestibles
 e - 3 bread rations
 p - 4 chunks of flesh


   Skills:
 - Level 1.5 Fighting
 + Level 4.3 Throwing
 + Level 2.8 Dodging
 - Level 0.4 Stealth
 + Level 2.6 Unarmed Combat


You had 4 spell levels left.
You didn't know any spells.

Dungeon Overview and Level Annotations

Branches:
Dungeon (3/15)

Altars:
Kikubaaqudgha
Vehumet


Innate Abilities, Weirdness & Mutations

You are too large for most types of armour.
You have claws for hands.
Your metabolism is lightning-fast.
You like to eat raw meat.
You heal very quickly.
You are covered in fur (AC +1).
You have very tough skin (AC +2).


Message History

The puff of flame hits you!
You closely miss the orc priest. The bat barely misses you.
The orc wizard hits you with a dagger. The orc wizard barely misses you.
The orc wizard hits you but does no damage.
The bat barely misses you.
You scratch the orc priest but do no damage.
The bat misses you. The orc priest hits you.
* * * LOW HITPOINT WARNING * * *
The orc wizard hits you with a dagger.
* * * LOW HITPOINT WARNING * * *
The orc wizard completely misses you. The orc hits you but does no damage.
You scratch the orc priest.
The orc priest is lightly wounded.
The bat hits you but does no damage.
The orc wizard gestures at you while chanting.
The puff of frost hits you!
* * * LOW HITPOINT WARNING * * *
The orc priest calls down the wrath of Beogh upon you.
Pain shoots through your body!
You die...

.......................
## ####...########....#
#...# ###### #...#
#...# #.#...#########
#.......?......
......##.boo#... ......
#.o@o# ...... #....#
###### #....# #....#
#####. .# ##


You could see an orc priest, 2 orc wizards, an orc and a bat.

Vanquished Creatures
  9 adders
  3 worms (D:2)
  2 giant geckos
  4 orcs (D:3)
  A ball python (D:2)
  4 bats
  A giant cockroach (D:2)
  5 hobgoblins
  A quokka (D:2)
  A giant newt (D:2)
  7 goblins
  5 kobolds
  4 rats
47 creatures vanquished.

Notes
Turn   | Place    | Note
--------------------------------------------------------------
     0 | D:1      | Snowclone the Troll Hunter began the quest for the Orb.
     0 | D:1      | Reached XP level 1. HP: 19/19 MP: 0/0
   194 | D:1      | Reached skill level 1 in Unarmed Combat
   228 | D:1      | Reached XP level 2. HP: 25/27 MP: 1/1
   891 | D:2      | Reached XP level 3. HP: 29/33 MP: 2/2
  1026 | D:2      | Found a radiant altar of Vehumet.
  1060 | D:2      | Found an ancient bone altar of Kikubaaqudgha.
  1093 | D:2      | Reached skill level 4 in Throwing
  1161 | D:2      | Reached XP level 4. HP: 41/41 MP: 3/3
  1667 | D:3      | Reached XP level 5. HP: 43/48 MP: 4/4
  1705 | D:3      | Killed from afar by an orc priest

Action                   |  1- 3 |  4- 6 || total
-------------------------+-------+-------++-------
Melee: Unarmed           |    90 |    68 ||   158
Throw: Stone             |     9 |     2 ||    11
  Use: Scroll            |       |     5 ||     5
 Stab: Sleeping          |     1 |       ||     1
  Eat: Chunk             |    16 |     5 ||    21
